 Dungeon Crawl Stone Soup version 0.7.0-a0-1507-g4261ca1 character file.

130013 morf the Severer (level 16, -10/141 HPs)
             Began as a Mountain Dwarf Berserker on Apr 29, 2010.
             Was a High Priest of Trog.
             Killed from afar by a hellion (42 damage)
             ... with a burst of hellfire
             ... in The Abyss on Apr 30, 2010.
             The game lasted 06:44:00 (45210 turns).

morf the Severer (Mountain Dwarf Berserker)        Turns: 45210, Time: 06:44:01

HP -10/141       AC 30     Str 28 Exp: 16/183969 (377), need: 1930
MP  14/14        EV 22     Int  8 (9)  God: Trog [*****.]
Gold 1235        SH  0     Dex 17      Spells:  0 memorised, 17 levels left

Res.Fire  : + + +   See Invis. : +   o - -3,+0 dire flail of Cotz {god gift, flame, Res.Cold : . . . Warding : . t - +4 orc plate mail {rPois} Life Prot.: + . . Conserve : . (no shield)
Res.Poison: +       Res.Corr.  : .   u - +1 helmet of the Volcano {rElec rF+}
Res.Elec. : +       Clarity    : +   h - +0 cloak {rPois} Spirit.Shd: .
                                     i - +2 pair of bracers {archer}
Sust.Abil.: . .     Rnd.Telep. : +   a - +0 pair of orc boots
Res.Mut.  : .       Ctrl.Telep.: .   v - amulet of clarity
Res.Rott. : .       Levitation : .   L - ring of Shadows {+Inv rN+ EV+4 Acc-3 SInv Saprovore : . . . Ctrl.Flight: . R - ring "Asuviqal" {Regen Int+1 Dam+1}

@: regenerating, exhausted, agile, very slightly glowing, very slow, slowed,
very resistant to hostile enchantments, extremely unstealthy
A: no striking features
a: Burn Spellbooks, Berserk, Trog's Hand, Brothers in Arms, Renounce Religion,
Evoke Invisibility


You were in the Abyss.
You worshipped Trog.
Trog was exalted by your worship.
You were not hungry.

You visited 6 branches of the dungeon, and saw 34 of its levels.
You visited the Abyss 2 times.

You collected 2890 gold pieces.
You spent 1675 gold pieces at shops.

Inventory:

Hand weapons
 j - a +0,+6 dwarven great mace of holy wrath {god gift}
 o - the -3,+0 dire flail of Cotz (weapon) {god gift, flame, *TELE rElec rF++ Int+3}
   (Trog gifted it to you on level 4 of the Orcish Mines)

   It emits flame when wielded, causing extra injury to most foes and up to
   double damage against particularly susceptible opponents.
   Big, fiery blades are also staple armaments of hydra-hunters.
   It affects your intelligence (+3).
   It greatly protects you from fire.
   It insulates you from electricity.
   It causes teleportation.
 r - the +1,+3 battleaxe of Distant Worlds {god gift, chop, AC+5}
   (Trog gifted it to you on level 1 of the Snake Pit)

   It inflicts extra damage upon your enemies.
   It affects your AC (+5).
 P - a +0,+4 battleaxe of electrocution {god gift}
 S - the +5,+7 executioner's axe of the Realm of Zot {god gift, venom, rElec rC+ EV+5 Str+2 Int+4}
   (Trog gifted it to you on level 4 of the Lair of Beasts)

   It poisons the flesh of those it strikes.
   It affects your evasion (+5).
   It affects your strength (+2).
   It affects your intelligence (+4).
   It protects you from cold.
   It insulates you from electricity.
 Y - a +0,+2 executioner's axe of freezing {god gift}
Missiles
 Q - 11 exploding +2 darts {god gift}
 T - 30 silver +0 darts (quivered) {god gift}
 Z - 15 +4 darts
Armour
 a - a +0 pair of orcish boots (worn)
 h - a +0 cloak of poison resistance (worn)
 i - a +2 pair of bracers of archery (worn)
 t - a +4 orcish plate mail of poison resistance (worn)
 u - the +1 helmet of the Volcano (worn) {rElec rF+}
   (You acquired it on level 6 of the Lair of Beasts)

   It protects you from fire.
   It insulates you from electricity.
 B - the +2 splint mail of the Maze {+Lev SInv}
   (You found it on level 3 of the Snake Pit)

   It enhances your eyesight.
   It lets you levitate.
 M - a +2 plate mail
Magical devices
 g - a wand of disintegration (6)
 w - a wand of disintegration (3)
 y - a wand of digging (6)
 C - a wand of fire (4)
 G - a wand of healing (0)
 J - a wand of healing (0)
 K - a wand of slowing (7)
 X - a wand of fire (1)
Comestibles
 n - 9 honeycombs
 q - 20 royal jellies
Jewellery
 f - an uncursed ring of protection from fire
 v - an amulet of clarity (around neck)
 A - a +3 ring of protection
 D - the ring of Starshine {rC+ rN+ Dex-2 SInv}
   (You found it in the Abyss)

   [ring of protection from cold]

   It affects your dexterity (-2).
   It protects you from negative energy.
   It enhances your eyesight.
 E - a +6 ring of dexterity
 L - the ring of Shadows (right hand) {+Inv rN+ EV+4 Acc-3 SInv Stlth+}
   (You bought it in a shop on level 13 of the Dungeon)

   [ring of invisibility]

   It affects your evasion (+4).
   It affects your accuracy (-3).
   It protects you from negative energy.
   It enhances your eyesight.
   It makes you much more stealthy.
 R - the ring "Asuviqal" (left hand) {Regen Int+1 Dam+1}
   (You found it on level 7 of the Lair of Beasts)

   [ring of regeneration]

   It affects your intelligence (+1).
   It affects your damage-dealing abilities (+1).
 U - an uncursed amulet of stasis
Potions
 d - a potion of confusion
 k - a potion of porridge
 l - 4 potions of levitation
 H - 3 potions of restore abilities
 N - 2 potions of might
 O - a potion of paralysis
 V - a potion of slowing
Miscellaneous
 c - a serpentine rune of Zot You had 377 experience left.


   Skills:
 + Level 13 Fighting
 + Level 18 Axes
 + Level 13 Maces & Flails
 + Level 12 Throwing
 + Level 16 Armour
 + Level 8 Dodging
 + Level 3 Stealth
 + Level 2 Traps & Doors
 + Level 1 Spellcasting
 + Level 6 Evocations


You had 17 spell levels left.
You didn't know any spells.

Dungeon Overview and Level Annotations

Branches:
Dungeon (13/27)            Temple (0/1) D:6             Orc (4/4) D:9
    Elf (2/7) Orc:3          Lair (8/8) D:13         Shoals (0/5) Lair:6
  Slime (0/6) Lair:8        Snake (5/5) Lair:5         Hive (2/2) D:13

Altars:
Elyvilon
Makhleb
Sif Muna
Zin
Jiyva

Shops:
D:4: ( D:13: =


Message History

The ufetubus is burned terribly!
The ufetubus dies!
The burst of hellfire engulfs the ufetubus.
The ufetubus is burned terribly!
The ufetubus dies!
The hellion gestures at you.
You die... #### #.@# #.## 2R5 uT553 .##%## .. .#

You could see a purple very ugly thing (fleeing), a rakshasa (invisible), a hellion, a ynoxinul, 3 ufetubi and a friendly rock troll (berserk).

Vanquished Creatures
  Nikola (Elf:2)
  Agnes (D:12)
  Francis (Snake:2)
  A quicksilver dragon zombie (Abyss)
  A quicksilver dragon skeleton (Abyss)
  A Green Death (Abyss)
  A Blue Death (Abyss)
  11 greater nagas
  The ghost of ztfw the Scorcher, a powerful DEFE of Sif Muna (Snake:2)
  Norbert (Orc:3)
  4 hydras
  6 anacondas
  8 death yaks
  9 deep elf knights
  A griffon (Lair:8)
  3 skeletal warriors (D:13)
  An orc knight (Orc:3)
  A large large abomination (Abyss)
  13 naga warriors
  A hill giant (D:11)
  3 orc sorcerers
  A flaming corpse (Abyss)
  A sea snake zombie (Abyss)
  16 guardian serpents
  A red wasp (shapeshifter) (Elf:2)
  A hydra zombie (D:11)
  A pale draconian skeleton (Abyss)
  A spectral warrior (D:13)
  A Lorocyproca (Abyss)
  26 black mambas
  A reaper (Abyss)
  Maurice (D:9)
  2 elephant slugs
  A hellwing (Abyss)
  4 orange demons
  3 spiny frogs
  12 naga magi
  An ugly thing (Abyss)
  A queen bee (Hive:2)
  6 komodo dragons
  5 trolls
  2 smoke demons
  A lindwurm zombie (Abyss)
  A wraith (Abyss)
  A snapping turtle skeleton (Abyss)
  5 blink frogs (Lair:4)
  A wyvern (Lair:8)
  3 deep elf conjurers
  A shadow demon (Abyss)
  A hungry ghost (D:8)
  38 yaks
  6 deep elf fighters
  4 vipers
  3 deep elf summoners
  12 giant toads
  A mottled dragon (D:13)
  3 fire drakes
  11 war dogs
  2 ynoxinuls
  A manticore (D:11)
  29 orc warriors
  5 hippogriffs
  2 deep elf priests
  3 centaurs
  A yak zombie (D:12)
  2 boring beetles
  A giant goldfish (Hive:1)
  8 ogres
  Menkaure (D:4)
  A phantom (D:10)
  3 ice beasts
  4 gila monsters
  71 nagas
  A wolf (Lair:2)
  17 deep elf magi
  11 giant frogs
  A wolf (shapeshifter) (D:13)
  9 giant slugs
  5 wargs
  5 crocodiles
  2 big kobolds
  A water moccasin skeleton (D:10)
  A boulder beetle (Lair:8)
  108 killer bees
  2 wights
  A brain worm zombie (D:13)
  2 small abominations (Abyss)
  4 imps
  A jellyfish (Hive:2)
  3 giant beetles
  2 shadows (D:11)
  A big kobold skeleton (D:12)
  Crazy Yiuf (D:4)
  14 orc priests
  9 hounds
  A hound zombie (D:7)
  2 big fish (Hive:1)
  28 orc wizards
  7 iguanas
  3 scorpions
  6 giant ants
  2 iron imps
  5 orange rats
  3 hound skeletons
  4 jellies
  6 sheep
  9 deep elf soldiers
  27 water moccasins
  A giant beetle zombie (D:9)
  A gnoll (D:8)
  39 green rats
  5 lemures
  4 midges (Abyss)
  42 snakes
  2 giant centipede zombies
  A snake skeleton (D:4)
  2 white imps (Abyss)
  A giant mite (D:8)
  4 worms
  24 ufetubi
  Terence (D:2)
  A giant bat skeleton (D:5)
  3 giant eyeballs
  4 giant geckos
  4 giant centipedes
  8 giant cockroaches
  26 goblins
  50 grey rats
  24 hobgoblins
  25 jackals
  31 kobolds
  166 orcs
  13 quokkas
  23 giant bats
  A giant gecko skeleton (D:10)
  6 giant newts
  38 killer bee larvae
  2 orc skeletons
  2 orc zombies (D:7)
  26 rats
  4 small snakes
  A fungus (Lair:7)
  2 plants (Lair:1)
  19 toadstools
1294 creatures vanquished.

Vanquished Creatures (collateral kills)
  Saint Roka (Snake:1)
  An orc warlord (Orc:3)
  A stone giant (D:13)
  Wayne (Snake:2)
  5 greater nagas
  2 hydras (Lair:4)
  An anaconda (Snake:3)
  8 death yaks
  2 very ugly things (Abyss)
  A naga warrior (Snake:4)
  A guardian serpent (Snake:5)
  A black mamba (Snake:4)
  An orange demon (Snake:2)
  A hellwing (Snake:2)
  2 smoke demons
  An efreet (Orc:3)
  A giant toad (Lair:7)
  5 yaks (Lair:8)
  A steam dragon (Lair:8)
  A neqoxec (Snake:2)
  A ynoxinul (Abyss)
  3 war dogs (Lair:7)
  2 insubstantial wisps (Abyss)
  A red devil (Snake:2)
  3 orc warriors
  2 ogres
  8 nagas
  A giant slug (Lair:8)
  3 water moccasins
  A crocodile (Lair:6)
  A giant frog (Lair:7)
  14 killer bees
  A giant beetle (D:8)
  2 orc priests
  An imp (Snake:2)
  A giant ant (D:8)
  4 orange rats (Lair:6)
  3 gnolls (D:8)
  A white imp (Snake:2)
  12 ufetubi
  A goblin (Orc:2)
  7 orcs
  A giant bat (Lair:6)
  An illusory rakshasa (Abyss)
  11 killer bee larvae
124 creatures vanquished.

Vanquished Creatures (others)
  A black mamba (Snake:4)
  2 two-headed ogres
  4 ogres
  A hound (Snake:2)
  A deep elf soldier (Elf:1)
  A green rat (Lair:4)
  A snake (Lair:3)
  2 ufetubi (Abyss)
  A jackal (Lair:3)
  2 orcs (Orc:3)
  A killer bee larva (Hive:2)
  A rat (D:3)
  18 fungi
  8 plants
  5 toadstools
49 creatures vanquished.

Grand Total: 1467 creatures vanquished

Notes
Turn   | Place    | Note
--------------------------------------------------------------
     0 | D:1      | morf, the Mountain Dwarf Berserker, began the quest for the Orb.
     0 | D:1      | Reached XP level 1. HP: 16/16 MP: 0/0
    34 | D:1      | Reached skill 4 in Axes
   327 | D:1      | Reached XP level 2. HP: 23/23 MP: 1/1
   865 | D:1      | Acquired Trog's second power
   956 | D:1      | Reached XP level 3. HP: 27/30 MP: 1/1
  1182 | D:2      | Noticed Terence
  1194 | D:2      | Defeated Terence
  1347 | D:2      | Reached skill 1 in Maces & Flails
  1559 | D:2      | Reached XP level 4. HP: 37/37 MP: 2/2
  2738 | D:4      | Reached XP level 5. HP: 41/44 MP: 3/3
  2863 | D:4      | Reached skill 5 in Maces & Flails
  2916 | D:4      | Noticed Menkaure
  2942 | D:4      | Defeated Menkaure
  2942 | D:4      | Reached XP level 6. HP: 18/50 MP: 3/3
  3315 | D:4      | Reached skill 6 in Maces & Flails
  3365 | D:4      | Found Minesia's Antique Weapon Shop.
  3417 | D:4      | HP: 2/50 [orc priest (6)]
  3861 | D:4      | Acquired Trog's third power
  3940 | D:4      | Noticed Crazy Yiuf
  3944 | D:4      | Reached skill 5 in Armour
  3948 | D:4      | Defeated Crazy Yiuf
  4183 | D:5      | Entered Level 5 of the Dungeon
  4498 | D:5      | Reached XP level 7. HP: 57/57 MP: 4/4
  4728 | D:5      | Found a glowing silver altar of Zin.
  4874 | D:5      | Reached skill 5 in Fighting
  5403 | D:6      | Reached skill 7 in Maces & Flails
  5529 | D:6      | Found a staircase to the Ecumenical Temple.
  5730 | D:6      | Reached skill 1 in Throwing
  6171 | D:6      | You fall through a shaft!
  6752 | D:7      | Reached XP level 8. HP: 55/66 MP: 5/5
  6866 | D:7      | Reached skill 8 in Maces & Flails
  7512 | D:8      | Reached skill 1 in Evocations
  7929 | D:8      | Reached skill 9 in Maces & Flails
  7977 | D:8      | Reached XP level 9. HP: 47/74 MP: 5/5
  8081 | D:8      | Found a burning altar of Makhleb.
  8488 | D:9      | Found a burning altar of Makhleb.
  8529 | D:9      | Found a staircase to the Orcish Mines.
  8880 | D:9      | Received a gift from Trog
  9067 | D:9      | Reached skill 5 in Axes
  9641 | D:10     | Entered Level 10 of the Dungeon
  9923 | D:10     | You fall through a shaft!
 10013 | D:13     | Reached XP level 10. HP: 33/82 MP: 6/6
 10062 | D:13     | Found a staircase to the Lair.
 10067 | Lair:1   | Entered Level 1 of the Lair of Beasts
 10466 | Lair:1   | Reached skill 1 in Stealth
 11029 | Lair:1   | Received a gift from Trog
 11363 | Lair:2   | Reached skill 10 in Axes
 11444 | Lair:2   | Reached skill 5 in Throwing
 12484 | Lair:3   | Reached skill 10 in Armour
 12533 | Lair:4   | Reached XP level 11. HP: 65/93 MP: 7/7
 12535 | Lair:4   | Reached skill 11 in Axes
 12810 | Lair:4   | Received a gift from Trog
 12898 | Lair:4   | Got a crude dire flail {god gift}
 12899 | Lair:4   | Identified the dire flail of the Ten Eyes {god gift, speed, MR EV-3} (Trog gifted it to you on level 4 of the Lair of Beasts)
 12952 | Lair:4   | Reached skill 10 in Maces & Flails
 13811 | Lair:4   | Reached skill 1 in Traps & Doors
 14350 | Lair:4   | Reached skill 12 in Maces & Flails
 14467 | Lair:4   | Received a gift from Trog
 14487 | Lair:4   | Got a polished executioner's axe {god gift}
 14488 | Lair:4   | Identified the executioner's axe of the Realm of Zot {god gift, venom, rElec rC+ EV+5 Str+2 Int+4} (Trog gifted it to you on level 4 of the Lair of Beasts)
 14543 | Lair:4   | Reached XP level 12. HP: 94/103 MP: 7/7
 15457 | Lair:5   | Found a staircase to the Snake Pit.
 15569 | Lair:5   | You fall through a shaft!
 16076 | Lair:6   | Identified a scroll of acquirement
 16077 | Lair:6   | Got a fine helmet
 16081 | Lair:6   | Identified the +1 helmet of the Volcano (You acquired it on level 6 of the Lair of Beasts)
 16108 | Lair:6   | Received a gift from Trog
 16227 | Lair:6   | Found a staircase to the Shoals.
 17467 | D:13     | Found a deep blue altar of Sif Muna.
 17468 | D:13     | Noticed a spectral warrior
 17475 | D:13     | Noticed a stone giant
 17475 | D:13     | Defeated a spectral warrior
 17481 | D:13     | Noticed a shining eye
 17485 | D:13     | Defeated a stone giant
 17489 | D:13     | Found a deep blue altar of Sif Muna.
 17727 | D:13     | Found a staircase to the Hive.
 17752 | D:13     | Found Phue's Jewellery Emporium.
 17873 | D:13     | Reached skill 13 in Axes
 18083 | D:13     | Reached skill 5 in Evocations
 18101 | D:13     | Reached skill 5 in Dodging
 18560 | D:12     | Noticed Agnes
 18570 | D:12     | Defeated Agnes
 18660 | D:12     | Reached skill 10 in Fighting
 18967 | D:12     | Received a gift from Trog
 19342 | D:11     | Received a gift from Trog
 19522 | D:11     | Reached skill 14 in Axes
 19930 | D:10     | Reached XP level 13. HP: 80/112 MP: 8/8
 20296 | Orc:1    | Entered Level 1 of the Orcish Mines
 20296 | Orc:1    | Noticed Maurice
 20331 | D:9      | Defeated Maurice
 20787 | Orc:2    | Received a gift from Trog
 20804 | Orc:2    | You are cast into the Abyss!
 20804 | Orc:2    | Cast into the Abyss (distortion unwield)
 20804 | Abyss    | Entered The Abyss
 20843 | Abyss    | Noticed a mottled draconian
 21057 | Abyss    | Noticed a wood golem
 21139 | Abyss    | Noticed a shining eye
 21199 | Abyss    | Noticed a naga warrior
 21241 | Orc:2    | You pass through the gate.
 21548 | Orc:3    | Received a gift from Trog
 22240 | Orc:4    | Entered Level 4 of the Orcish Mines
 22457 | Orc:4    | Received a gift from Trog
 22675 | Orc:4    | Received a gift from Trog
 22688 | Orc:4    | Got an iridescent dire flail {god gift}
 22822 | Orc:4    | Identified the dire flail of Cotz {god gift, flame, *TELE rElec rF++ Int+3} (Trog gifted it to you on level 4 of the Orcish Mines)
 22840 | Orc:3    | Noticed Norbert
 22854 | Orc:3    | Defeated Norbert
 23120 | Orc:3    | Received a gift from Trog
 23206 | Orc:3    | Received a gift from Trog
 23280 | Orc:3    | Reached skill 10 in Throwing
 23340 | Orc:3    | Found a staircase to the Elven Halls.
 23805 | Orc:3    | Received a gift from Trog
 23879 | Orc:3    | Noticed an orc warlord
 24131 | Orc:3    | Defeated an orc warlord
 24670 | D:13     | Bought the ring of Shadows {+Inv rN+ EV+4 Acc-3 SInv Stlth+} for 1675 gold pieces
 24705 | Hive:1   | Entered Level 1 of the Hive
 25279 | Hive:2   | Entered Level 2 of the Hive
 25335 | Hive:2   | Received a gift from Trog
 25469 | Hive:2   | Received a gift from Trog
 25532 | Hive:2   | Received a gift from Trog
 25669 | Hive:2   | Reached skill 15 in Axes
 25828 | Hive:2   | Received a gift from Trog
 26201 | Hive:2   | Reached skill 1 in Spellcasting
 26609 | Snake:1  | Entered Level 1 of the Snake Pit
 26681 | Snake:1  | Received a gift from Trog
 26695 | Snake:1  | Noticed Saint Roka
 26732 | Snake:1  | Defeated Saint Roka
 27104 | Snake:2  | Noticed Francis
 27120 | Snake:2  | Defeated Francis
 27122 | Snake:2  | Received a gift from Trog
 27269 | Snake:2  | Noticed ztfw's ghost
 27283 | Snake:2  | Defeated ztfw's ghost
 27482 | Snake:2  | Reached XP level 14. HP: 121/121 MP: 12/12
 27593 | Snake:2  | Noticed Wayne
 27602 | Snake:2  | Defeated Wayne
 28193 | Snake:3  | Got a fine splint mail
 28264 | Snake:3  | Identified the +2 splint mail of the Maze (You found it on level 3 of the Snake Pit)
 28312 | Snake:3  | Found a white marble altar of Elyvilon.
 29462 | Snake:4  | Received a gift from Trog
 30101 | Snake:5  | Entered Level 5 of the Snake Pit
 30141 | Snake:5  | Reached skill 16 in Axes
 30263 | Snake:5  | Received a gift from Trog
 30711 | Snake:5  | Received a gift from Trog
 33182 | Snake:4  | Reached XP level 15. HP: 118/131 MP: 12/12
 33354 | Snake:4  | Reached skill 15 in Armour
 34705 | Snake:5  | Received a gift from Trog
 35248 | Snake:5  | Received a gift from Trog
 36250 | Snake:5  | Received a gift from Trog
 36410 | Snake:5  | Reached skill 17 in Axes
 37601 | Snake:5  | Got a serpentine rune of Zot
 38247 | Snake:1  | Received a gift from Trog
 38490 | Snake:1  | Got a fine battleaxe {god gift}
 38491 | Snake:1  | Identified the battleaxe of Distant Worlds {god gift, chop, AC+5} (Trog gifted it to you on level 1 of the Snake Pit)
 38925 | Lair:7   | Reached XP level 16. HP: 131/138 MP: 13/14
 39131 | Lair:7   | Got a steaming granite ring
 39134 | Lair:7   | Identified the cursed ring "Asuviqal" {Int+1} (You found it on level 7 of the Lair of Beasts)
 39352 | Lair:7   | Received a gift from Trog
 39425 | Lair:7   | Received a gift from Trog
 40261 | Lair:8   | Entered Level 8 of the Lair of Beasts
 40440 | Lair:8   | Found a viscous altar of Jiyva.
 40440 | Lair:8   | Found a staircase to the Slime Pits.
 40565 | Lair:8   | Received a gift from Trog
 41640 | Elf:1    | Entered Level 1 of the Elven Halls
 41991 | Elf:1    | Received a gift from Trog
 42636 | Elf:1    | Reached skill 18 in Axes
 43219 | Elf:2    | Noticed Nikola
 43237 | Elf:2    | Defeated Nikola
 43657 | Elf:2    | Received a gift from Trog
 44147 | Elf:2    | You are cast into the Abyss!
 44147 | Elf:2    | Cast into the Abyss (deep elf mage)
 44797 | Abyss    | Noticed a merfolk simulacrum
 44829 | Abyss    | Noticed a reaper
 44830 | Abyss    | Defeated a reaper
 44914 | Abyss    | Got a faintly glowing copper ring
 44947 | Abyss    | Noticed a red devil
 45090 | Abyss    | Noticed a purple ugly thing
 45150 | Abyss    | Identified the ring of Starshine (You found it in the Abyss)
 45204 | Abyss    | Defeated a cyan ugly thing
 45210 | Abyss    | Killed from afar by a hellion
